ESL (28 & UNDER)
SPRINGFIELD SIMPSONS @ RIO GRANDE RATTLESNAKE
08/30/2027
 
TOP OF THE 1ST
Springfield Simpsons batting - Pitching for Rio Grande Rattlesnake : RHP Bryce Davis
Pitching: RHP Bryce Davis
Batting: LHB Jesús Raugel 0-0: Called Strike
0-1: Ground out 5-3 (Groundball, 56)
Batting: LHB Bruce Foster 0-0: DOUBLE (Line Drive, 9LM)
Batting: RHB Marcos Castillo 0-0: SINGLE (Line Drive, 6MD)
Bruce Foster to third
Batting: LHB Mitchell Oglethorpe 0-0: Ball
1-0: Called Strike
1-1: Ball
2-1: Foul Ball, location: 2F
2-2: 3-RUN HOME RUN (Flyball, 89XD), Distance : 383 ft
Batting: RHB José Velázquez 0-0: Ball
1-0: Ground out 6-3 (Groundball, 6)
Batting: RHB Bob Carr 0-0: Called Strike
0-1: Fly out, F7 (Line Drive, 78M)
Top of the 1st over - 3 run(s), 3 hit(s), 0 error(s), 0 left on base; Springfield 3 - Rio Grande 0
BOTTOM OF THE 1ST
Rio Grande Rattlesnake batting - Pitching for Springfield Simpsons : LHP Ben Couch
Pitching: LHP Ben Couch
Batting: RHB Jeff Bane 0-0: SINGLE (Line Drive, 89S)
Batting: LHB Claudio Rodríguez 0-0: Ball
1-0: Ball
2-0: SINGLE (Groundball, 34D)
Jeff Bane to second
Runner from 2nd tries for 3rd, SAFE, no throw
Batting: RHB Liangde Que 0-0: Called Strike
0-1: Ball
1-1: Ball
2-1: Ball
3-1: 3-RUN HOME RUN (Flyball, 7D), Distance : 349 ft
Batting: RHB Miguel Hernández 0-0: Swinging Strike
0-1: Ball
1-1: Ball
2-1: Ball
3-1: Foul Ball, location: 2F
3-2: SINGLE (Line Drive, 6D)
Batting: RHB Joe Courtier 0-0: 2-RUN HOME RUN (Flyball, 78XD), Distance : 397 ft
Batting: RHB Rafael Carreón 0-0: Ball
1-0: Called Strike
1-1: Ball
2-1: DOUBLE (Flyball, 89XD)
Batting: SHB William Daly 0-0: Swinging Strike
0-1: Foul Ball, location: 2F
0-2: Ball
1-2: Foul Ball, location: 2F
1-2: Strikes out swinging
Batting: SHB Brian Moyer 0-0: Ball
1-0: SINGLE (Groundball, 56D)
Rafael Carreón to third
Runner from 3rd tries for Home, throw and OUT!
Batting: RHB Geomar Dalsoglio 0-0: Ball
1-0: Fielders Choice at 2nd, 4-6 (Groundball, 4)
Bottom of the 1st over - 5 run(s), 7 hit(s), 0 error(s), 0 left on base; Springfield 3 - Rio Grande 5
TOP OF THE 2ND
Springfield Simpsons batting - Pitching for Rio Grande Rattlesnake : RHP Bryce Davis
Batting: RHB Gustavo Rodríguez 0-0: Called Strike
0-1: Ball
1-1: SOLO HOME RUN (Flyball, 7LD), Distance : 335 ft
Batting: RHB Jeff Lloyd 0-0: Called Strike
0-1: Ball
1-1: SINGLE (Groundball, 34S) (infield hit)
Batting: SHB Sean Moody 0-0: Ball
1-0: SINGLE (Flyball, 8LS)
Jeff Lloyd to second
Runner from 2nd tries for 3rd, SAFE, throw made to third
Batting: LHB Jesús Raugel 0-0: Called Strike
0-1: Swinging Strike
0-2: Ball
1-2: Strikes out swinging
Batting: LHB Bruce Foster 0-0: Called Strike
0-1: Called Strike
0-2: Ball
1-2: Ball
2-2: Strikes out swinging
Batting: RHB Marcos Castillo 0-0: Called Strike
0-1: Ball
1-1: SINGLE (Groundball, 6MD)
Jeff Lloyd scores
Sean Moody to second
Batting: LHB Mitchell Oglethorpe 0-0: Fly out, F9 (Flyball, 89D)
Top of the 2nd over - 2 run(s), 4 hit(s), 0 error(s), 2 left on base; Springfield 5 - Rio Grande 5
BOTTOM OF THE 2ND
Rio Grande Rattlesnake batting - Pitching for Springfield Simpsons : LHP Ben Couch
Batting: RHB Jeff Bane 0-0: Foul Ball, location: 2F
0-1: Called Strike
0-2: Ball
1-2: Ground out 6-3 (Groundball, 6)
Batting: LHB Claudio Rodríguez 0-0: Ball
1-0: Ball
2-0: DOUBLE (Flyball, 89D)
Batting: RHB Liangde Que 0-0: Swinging Strike
0-1: Fly out, F8 (Flyball, 78M)
Batting: RHB Miguel Hernández 0-0: Ball
1-0: Ball
2-0: Called Strike
2-1: SINGLE (Groundball, 34) (infield hit)
Claudio Rodríguez to third
Batting: RHB Joe Courtier 0-0: Ball
1-0: Called Strike
1-1: SINGLE (Groundball, 6MD)
Claudio Rodríguez scores
Miguel Hernández to second
Runner from 2nd tries for 3rd, SAFE, throw made to third
Joe Courtier to second
Batting: RHB Rafael Carreón 0-0: Ball
1-0: Fly out, F8 (Flyball, 89D)
Bottom of the 2nd over - 1 run(s), 3 hit(s), 0 error(s), 2 left on base; Springfield 5 - Rio Grande 6
TOP OF THE 3RD
Springfield Simpsons batting - Pitching for Rio Grande Rattlesnake : RHP Bryce Davis
Batting: RHB José Velázquez 0-0: Called Strike
0-1: Ball
1-1: Foul Ball, location: 2F
1-2: Strikes out swinging
Batting: RHB Bob Carr 0-0: Foul Ball, location: 2F
0-1: Ball
1-1: SINGLE (Line Drive, 6D)
Batting: RHB Gustavo Rodríguez 0-0: Ball
Bob Carr steals 2nd base
1-0: Ball
2-0: Ball
3-0: Base on Balls
Batting: RHB Jeff Lloyd 0-0: Ball
1-0: Ball
Wild Pitch!
Bob Carr to third
Gustavo Rodríguez to second
2-0: SINGLE (Line Drive, 4MD)
Bob Carr scores
Gustavo Rodríguez to third
Batting: SHB Sean Moody 0-0: Ball
1-0: Ball
2-0: Ball
3-0: Called Strike
3-1: Swinging Strike
3-2: Base on Balls
Jeff Lloyd to second
Batting: LHB Jesús Raugel 0-0: DOUBLE (Line Drive, 3D)
Gustavo Rodríguez scores
Jeff Lloyd scores
Sean Moody to third
Pitching: RHP Alberto Román
Batting: LHB Bruce Foster 0-0: SINGLE (Groundball, 6D)
Sean Moody scores
Jesús Raugel to third
Runner from 3rd tries for Home, SAFE, no throw
Batting: RHB Marcos Castillo 0-0: Ball
1-0: Swinging Strike
1-1: Swinging Strike
1-2: Strikes out swinging
Batting: LHB Mitchell Oglethorpe 0-0: Ball
1-0: Called Strike
1-1: Foul Ball, location: 2F
1-2: Ball
2-2: Ball
3-2: Base on Balls
Bruce Foster to second
Batting: RHB José Velázquez 0-0: Foul Ball, location: 2F
0-1: Swinging Strike
0-2: Ball
1-2: Ball
2-2: Foul Ball, location: 2F
2-2: Foul Ball, location: 2F
2-2: Ball
3-2: Ground out U3 (Groundball, 34)
Top of the 3rd over - 5 run(s), 4 hit(s), 0 error(s), 2 left on base; Springfield 10 - Rio Grande 6
BOTTOM OF THE 3RD
Rio Grande Rattlesnake batting - Pitching for Springfield Simpsons : LHP Ben Couch
Batting: SHB William Daly 0-0: Ball
1-0: Ground out 3-1 (Groundball, 34S)
Batting: SHB Brian Moyer 0-0: Foul Ball, location: 2F
0-1: Called Strike
0-2: Ball
1-2: Ground out 4-3 (Groundball, 4M)
Batting: RHB Geomar Dalsoglio 0-0: Ball
1-0: Fly out, F9 (Flyball, 9)
Bottom of the 3rd over - 0 run(s), 0 hit(s), 0 error(s), 0 left on base; Springfield 10 - Rio Grande 6
TOP OF THE 4TH
Springfield Simpsons batting - Pitching for Rio Grande Rattlesnake : RHP Alberto Román
Batting: RHB Bob Carr 0-0: Foul Ball, location: 2F
0-1: Foul Ball, location: 2F
0-2: Hit by Pitch
Batting: RHB Gustavo Rodríguez 0-0: Swinging Strike
0-1: Called Strike
0-2: Ball
1-2: Ball
2-2: Strikes out swinging
Batting: RHB Jeff Lloyd 0-0: Ball
1-0: Called Strike
1-1: Ball
2-1: Foul Ball, location: 2F
2-2: Strikes out swinging
Batting: SHB Sean Moody 0-0: Ball
1-0: Ball
2-0: Ball
Bob Carr steals 2nd base
3-0: Base on Balls
Batting: LHB Jesús Raugel 0-0: Foul Ball, location: 2F
0-1: Ground out 1-3 (Groundball, P)
Top of the 4th over - 0 run(s), 0 hit(s), 0 error(s), 2 left on base; Springfield 10 - Rio Grande 6
BOTTOM OF THE 4TH
Rio Grande Rattlesnake batting - Pitching for Springfield Simpsons : LHP Ben Couch
Pitching: RHP Sixto Santiago
Batting: RHB Jeff Bane 0-0: Called Strike
0-1: Swinging Strike
0-2: Ball
1-2: Ball
2-2: Ball
3-2: Fly out, F9 (Line Drive, 9)
Batting: LHB Claudio Rodríguez 0-0: Ball
1-0: Foul Ball, location: 2F
1-1: Ball
2-1: Ball
3-1: Called Strike
3-2: Fly out, F8 (Flyball, 8RD)
Batting: RHB Liangde Que 0-0: Ball
1-0: Fly out, F7 (Flyball, 78M)
Bottom of the 4th over - 0 run(s), 0 hit(s), 0 error(s), 0 left on base; Springfield 10 - Rio Grande 6
TOP OF THE 5TH
Springfield Simpsons batting - Pitching for Rio Grande Rattlesnake : RHP Alberto Román
Batting: LHB Bruce Foster 0-0: Hit by Pitch
Batting: RHB Marcos Castillo 0-0: Ground out 6-3 (Groundball, 6MS)
Bruce Foster to second
Batting: LHB Mitchell Oglethorpe 0-0: Ball
1-0: Foul Ball, location: 2F
1-1: SINGLE (Flyball, 8RS)
Bruce Foster to third
Runner from 3rd tries for Home, throw and OUT!
Batting: RHB José Velázquez 0-0: Called Strike
0-1: Ball
1-1: Foul Ball, location: 2F
1-2: Fly out, F7 (Flyball, 78D)
Top of the 5th over - 0 run(s), 1 hit(s), 0 error(s), 1 left on base; Springfield 10 - Rio Grande 6
BOTTOM OF THE 5TH
Rio Grande Rattlesnake batting - Pitching for Springfield Simpsons : RHP Sixto Santiago
Batting: RHB Miguel Hernández 0-0: Ball
1-0: Foul Ball, location: 2F
1-1: Foul Ball, location: 2F
1-2: Foul Ball, location: 2F
1-2: Ball
2-2: Ball
3-2: Strikes out looking
Batting: RHB Joe Courtier 0-0: Called Strike
0-1: Ground out 6-3 (Groundball, 6D)
Batting: RHB Rafael Carreón 0-0: Ball
1-0: Ball
2-0: Ball
3-0: Base on Balls
Batting: SHB William Daly 0-0: Ball
1-0: Foul Ball, location: 2F
1-1: Ball
2-1: Foul Ball, location: 2F
2-2: DOUBLE (Flyball, 9LM)
Rafael Carreón to third
Runner from 3rd tries for Home, SAFE, throw made at trailing runner, SAFE at third!
Batting: SHB Brian Moyer 0-0: Foul Ball, location: 2F
0-1: Ball
1-1: Fly out, F5 (Popup, 5S)
Bottom of the 5th over - 1 run(s), 1 hit(s), 0 error(s), 1 left on base; Springfield 10 - Rio Grande 7
TOP OF THE 6TH
Springfield Simpsons batting - Pitching for Rio Grande Rattlesnake : RHP Alberto Román
Batting: RHB Bob Carr 0-0: Fly out, F8 (Line Drive, 8LD)
Batting: RHB Gustavo Rodríguez 0-0: Ball
1-0: SINGLE (Groundball, 56D)
Batting: RHB Jeff Lloyd 0-0: Ball
1-0: Swinging Strike
1-1: Foul Ball, location: 2F
1-2: Fly out, F8 (Line Drive, 8LM)
Batting: SHB Sean Moody 0-0: Ball
1-0: Called Strike
1-1: Called Strike
1-2: Foul Ball, location: 2F
1-2: Strikes out looking
Top of the 6th over - 0 run(s), 1 hit(s), 0 error(s), 1 left on base; Springfield 10 - Rio Grande 7
BOTTOM OF THE 6TH
Rio Grande Rattlesnake batting - Pitching for Springfield Simpsons : RHP Sixto Santiago
Batting: RHB Geomar Dalsoglio 0-0: Called Strike
0-1: SINGLE (Line Drive, 7LS)
Pitching: RHP Ramón Sánchez
Batting: RHB Jeff Bane 0-0: Swinging Strike
0-1: Ball
1-1: Foul Ball, location: 2F
1-2: Foul Ball, location: 2F
1-2: Ball
2-2: Grounds into double play, 4-6-3 (Groundball, 4)
Batting: LHB Claudio Rodríguez 0-0: Ball
1-0: Ball
2-0: Foul Ball, location: 2F
2-1: Swinging Strike
2-2: Ball
3-2: Base on Balls
Batting: RHB Liangde Que 0-0: Ball
1-0: Called Strike
1-1: Foul Ball, location: 2F
1-2: Strikes out swinging, 2-3 out at first.
Bottom of the 6th over - 0 run(s), 1 hit(s), 0 error(s), 1 left on base; Springfield 10 - Rio Grande 7
TOP OF THE 7TH
Springfield Simpsons batting - Pitching for Rio Grande Rattlesnake : RHP Alberto Román
Batting: LHB Jesús Raugel 0-0: Ball
1-0: Ground out 4-3 (Groundball, 4)
Batting: LHB Bruce Foster 0-0: Ball
1-0: Called Strike
1-1: Ball
2-1: Foul Ball, location: 2F
2-2: Foul Ball, location: 2F
2-2: Ground out 6-3 (Groundball, 6)
Batting: RHB Marcos Castillo 0-0: SINGLE (Line Drive, 56)
Batting: LHB Mitchell Oglethorpe 0-0: Ball
1-0: Called Strike
1-1: Ball
2-1: Called Strike
2-2: Ball
Marcos Castillo steals 2nd base
3-2: Ground out 4-3 (Groundball, 4)
Top of the 7th over - 0 run(s), 1 hit(s), 0 error(s), 1 left on base; Springfield 10 - Rio Grande 7
BOTTOM OF THE 7TH
Rio Grande Rattlesnake batting - Pitching for Springfield Simpsons : RHP Ramón Sánchez
Batting: RHB Miguel Hernández 0-0: Ball
1-0: Called Strike
1-1: Swinging Strike
1-2: Ball
2-2: Ball
3-2: Base on Balls
Batting: RHB Joe Courtier 0-0: Foul Ball, location: 2F
0-1: Foul Ball, location: 2F
0-2: Ball
1-2: Foul Ball, location: 2F
1-2: Fly out, F8 (Flyball, 8RD)
Pitching: RHP David Nanod
Batting: RHB Rafael Carreón 0-0: Ball
1-0: Called Strike
1-1: Ball
2-1: Ball
Throwing error on steal attempt, E2
Miguel Hernández to third
3-1: Base on Balls
Batting: SHB William Daly 0-0: Called Strike
0-1: Called Strike
0-2: Grounds into double play, 4-6-3 (Groundball, 4)
Bottom of the 7th over - 0 run(s), 0 hit(s), 1 error(s), 1 left on base; Springfield 10 - Rio Grande 7
TOP OF THE 8TH
Springfield Simpsons batting - Pitching for Rio Grande Rattlesnake : RHP Alberto Román
Batting: RHB José Velázquez 0-0: Foul Ball, location: 2F
0-1: Ball
1-1: Foul Ball, location: 2F
1-2: Ball
2-2: Ball
3-2: Base on Balls
Batting: RHB Bob Carr 0-0: Ball
1-0: Sac Bunt - play at second, runner OUT! 3-6
Batting: RHB Gustavo Rodríguez 0-0: Ball
1-0: Swinging Strike
1-1: Swinging Strike
1-2: Strikes out swinging
Batting: RHB Jeff Lloyd 0-0: Swinging Strike
0-1: Ball
1-1: Foul Ball, location: 2F
1-2: Strikes out swinging
Top of the 8th over - 0 run(s), 0 hit(s), 0 error(s), 1 left on base; Springfield 10 - Rio Grande 7
BOTTOM OF THE 8TH
Rio Grande Rattlesnake batting - Pitching for Springfield Simpsons : RHP David Nanod
Batting: SHB Brian Moyer 0-0: Foul Ball, location: 2F
0-1: Ball
1-1: Foul Ball, location: 2F
1-2: Strikes out swinging
Batting: RHB Geomar Dalsoglio 0-0: Called Strike
0-1: Called Strike
0-2: Ball
1-2: Ball
2-2: Ball
3-2: Fly out, F8 (Flyball, 8RD)
Batting: RHB Jeff Bane 0-0: Ball
1-0: Fly out, F7 (Line Drive, 7)
Bottom of the 8th over - 0 run(s), 0 hit(s), 0 error(s), 0 left on base; Springfield 10 - Rio Grande 7
TOP OF THE 9TH
Springfield Simpsons batting - Pitching for Rio Grande Rattlesnake : RHP Alberto Román
Batting: SHB Sean Moody 0-0: Ball
1-0: Ball
2-0: Foul Ball, location: 2F
2-1: Foul Ball, location: 2F
2-2: DOUBLE (Flyball, 7LM)
Pitching: RHP Adrián Mora
Batting: LHB Jesús Raugel 0-0: Sac Bunt - play at first, batter OUT! U3
Sean Moody to third
Batting: LHB Bruce Foster 0-0: Called Strike
0-1: Swinging Strike
0-2: Ground out U3 (Groundball, 3)
Batting: RHB Marcos Castillo 0-0: Called Strike
0-1: Called Strike
0-2: Ball
1-2: Ball
2-2: Strikes out swinging
Top of the 9th over - 0 run(s), 1 hit(s), 0 error(s), 1 left on base; Springfield 10 - Rio Grande 7
BOTTOM OF THE 9TH
Rio Grande Rattlesnake batting - Pitching for Springfield Simpsons : RHP David Nanod
Pitching: RHP Arthur López
Batting: LHB Claudio Rodríguez 0-0: Foul Ball, location: 2F
0-1: Ball
1-1: Foul Ball, location: 2F
1-2: Ground out 1-3 (Groundball, P)
Batting: RHB Liangde Que 0-0: Ball
1-0: Swinging Strike
1-1: Ball
2-1: DOUBLE (Line Drive, 7LM)
Batting: RHB Miguel Hernández 0-0: Ball
1-0: Foul Ball, location: 2F
1-1: Ball
2-1: Foul Ball, location: 2F
2-2: Ball
3-2: Base on Balls
Pinch Hitting: RHB Paul Martin 0-0: Foul Ball, location: 2F
0-1: Foul Ball, location: 2F
0-2: Ball
1-2: Grounds into double play, 6-4-3 (Groundball, 56)
Bottom of the 9th over - 0 run(s), 1 hit(s), 0 error(s), 1 left on base; Springfield 10 - Rio Grande 7
Thursday, March 30th, 2017 - OOTP Baseball 17.12 Build 75